 Dungeon Crawl Stone Soup version 0.27-a0-909-g0721f30 (webtiles) character file.

Game seed: 8983514803807777467

39 Nithhogg the Skirmisher (level 3, 0/29 HPs)
             Began as a Demonspawn Fighter on Apr 8, 2021.
             Slain by a kobold
             ... wielding a +0 short sword of electrocution
              (10 damage)
             ... on level 3 of the Dungeon.
             The game lasted 00:01:31 (1369 turns).

Nithhogg the Skirmisher (Demonspawn Fighter)        Turns: 1369, Time: 00:01:32

Health: 0/29       AC:  6    Str: 17    XL:     3   Next: 28%
Magic:  3/3        EV:  7    Int: 11    God:
Gold:   73         SH:  9    Dex: 12    Spells: 2/2 levels left

rFire    . . .     SeeInvis .   a - +0 long sword
rCold    . . .     Faith    .   c - +0 kite shield
rNeg     . . .     Spirit   .   b - +0 scale mail
rPois    .         Reflect  .   (helmet restricted)
rElec    .         Harm     .   (no cloak)
rCorr    .         Rampage  .   (no gloves)
Will     .....                  (no boots)
Stlth    ..........             (no amulet)
HPRegen  0.09/turn              (no ring)
MPRegen  0.08/turn              (no ring)

@: no status effects
A: horns 1, big brain 1
a: no special abilities


You were on level 3 of the Dungeon.
You visited 1 branch of the dungeon, and saw 3 of its levels.

You collected 73 gold pieces.

Inventory:

Hand Weapons
 a - a +0 long sword (weapon)
Armour
 b - a +0 scale mail (worn)
 c - a +0 kite shield (worn)
Scrolls
 f - 2 scrolls of identify {unknown}
 g - a scroll of magic mapping {unknown}
 i - a scroll of enchant weapon {unknown}
 k - a scroll of fog {unknown}
 l - a scroll of fear {unknown}
Potions
 d - a potion of might
 e - a potion of flight {unknown}
 h - a potion of lignification {unknown}
 j - a potion of ambrosia {unknown}
 m - a potion of brilliance {unknown}


   Skills:
 + Level 3.3 Fighting
 + Level 2.3 Long Blades
 + Level 3.0 Armour
 + Level 3.1 Shields


You had 2 spell levels left.
You didn't know any spells.
Your spell library contained the following spells:

 Spells                   Type           Power      Damage    Failure   Level
 Animate Skeleton         Necr           0%         N/A       99%         1
 Apportation              Tloc           0%         N/A       99%         1
 Corona                   Hex            0%         N/A       99%         1
 Summon Small Mammal      Summ           0%         N/A       99%         1


Dungeon Overview and Level Annotations

Branches:
Dungeon (3/15)

Altars:


Innate Abilities, Weirdness & Mutations

You have a pair of small horns on your head.
You have an unusually large brain. (Int +2)


Message History

The slug dart hits you but does no damage.
You slash the dart slug!
You kill the dart slug!
No target in view!
No target in view!
No target in view!
No target in view!
No target in view!
No target in view!
No target in view!
No target in view!
No target in view!
No target in view!
No target in view!
You now have 73 gold pieces (gained 11).
A rat and a kobold come into view.
The kobold is wielding a +0 short sword of electrocution.
The rat moves out of view.
Found 11 gold pieces.
A kobold is nearby!
Your scale mail prevents you from hitting the kobold.
The kobold hits you with a +0 short sword of electrocution.
You are electrocuted!
Ouch! That really hurt!
You are too injured to fight recklessly!
You are too injured to fight recklessly!
You are too injured to fight recklessly!
You are too injured to fight recklessly!
You are too injured to fight recklessly!
You are too injured to fight recklessly!
You are too injured to fight recklessly!
You are too injured to fight recklessly!
You are too injured to fight recklessly!
You are too injured to fight recklessly!
You are too injured to fight recklessly!
You are too injured to fight recklessly!
You miss the kobold. You block the kobold's attack.
The rat bites you but does no damage. The kobold hits you but does no damage.
You are electrocuted!
You die...

#.#######
.......
#.......#
.......
#######.#
....... #.#
....... #.#
....... #.#
#####.......
#.###...........
#.....##r.......
########@.......
#....K.......
#.####.......
....... ##.....
..... ..... ....


You could see a kobold and a rat.

Vanquished Creatures
  2 dart slugs
  2 endoplasms (D:2)
  2 giant cockroaches
  4 goblins
  3 hobgoblins (D:1)
  3 jackals (D:1)
  3 quokkas
  4 ball pythons (D:2)
  3 bats (D:1)
  A frilled lizard (D:1)
  2 kobolds
  4 rats
33 creatures vanquished.

Notes
Turn   | Place    | Note
-------+----------+-------------------------------------------
     0 | D:1      | Nithhogg the Demonspawn Fighter began the quest for the
                  | Orb.
     0 | D:1      | Reached XP level 1. HP: 18/18 MP: 1/1
   215 | D:1      | Gained mutation: You have an unusually large brain. (Int
                  | +2) [demonic ancestry]
   215 | D:1      | Reached XP level 2. HP: 22/24 MP: 2/2
   774 | D:2      | Gained mutation: You have a pair of small horns on your
                  | head. [demonic ancestry]
   774 | D:2      | Reached XP level 3. HP: 22/29 MP: 3/3
  1130 | D:2      | Found a faded altar of an unknown god.
  1369 | D:3      | Slain by a kobold

Illustrated notes

Levels and vault maps discovered:
D:1:      psy_arrival_statuary, layout_basic, skrybe_limestone_x, st_stairs_1,
          amethyst_killhole, minmay_misc_feat_roman,
          corexii_item_surrounded_by_moat, minmay_crystal_water
D:2:      layout_basic, basic_ecumenical_altar, feat_on_display
D:3:      layout_basic

Skill      XL: |  1  2 |
---------------+-------+-----
Long Blades    | 2 |  2.3
Shields        | 3 |  3.1
Armour         | 3 |  3.0
Fighting       | |  3.3

Action                   || total
-------------------------++-------
Melee: Long sword        ||    78
       Headbutt          ||     2
Armor: Scale mail        ||    54
Dodge: Dodged            ||    27
Block: Kite shield       ||    39
       Rpst.: Long sword ||     8

Table legend: (Time is in decaauts)
 A = Elapsed time spent in this place.
 B = Non-inter-level travel time spent in this place.
 C = Inter-level travel time spent in this place.
 D = Time resting spent in this place.
 E = Time spent auto-exploring this place.
 F = Levels seen in this place.
 G = Mean time per level.
                   A        B        C        D        E       F      G
               +--------+--------+--------+--------+--------+-----+--------+
         Total |   1410 |   1370 |     40 |      0 |   1157 |   3 |  470.0 |
       Dungeon |   1410 |   1370 |     40 |      0 |   1157 |   3 |  470.0 |
               +--------+--------+--------+--------+--------+-----+--------+

Top non-repeatable levels by time:
     D:1: 678 daAuts
     D:2: 665 daAuts
     D:3: 66 daAuts
